 Dungeon Crawl Stone Soup version 0.19.1 (webtiles) character file.

63 Angani the Ducker (level 4, -13/27 HPs)
             Began as an Octopode Ice Elementalist on Dec 25, 2016.
             Mangled by a kobold
             ... wielding a +1 short sword of electrocution
              (17 damage)
             ... on level 2 of the Dungeon.
             The game lasted 00:02:41 (1999 turns).

Angani the Ducker (Octopode Ice Elementalist)       Turns: 1999, Time: 00:02:41

Health: -13/27     AC:  1    Str:  7    XL:     4   Next: 10%
Magic:  7/7        EV: 15    Int: 17    God:
Gold:   50         SH:  0    Dex: 13    Spells: 1 memorised, 6 levels left

rFire  . . .     SeeInvis .     (no weapon)
rCold  . . .     Gourm    .     (no shield)
rNeg   + . .     Faith    .     (helmet restricted)
rPois  .         Spirit   .     (no amulet)
rElec  .         Reflect  .     d - ring of positive energy
rCorr  .         Harm     .     (no ring)
MR     .....                    (no ring)
Stlth  +++.......               (no ring)
                                (no ring)
                                (no ring)
                                (no ring)
                                (no ring)

@: no status effects
A: almost no armour, stealthy swim, amphibious, 8 rings, constrict 8, camouflage
1, gelatinous body 1
a: no special abilities


You were on level 2 of the Dungeon.
You were not hungry.

You visited 1 branch of the dungeon, and saw 2 of its levels.

You collected 50 gold pieces.

Inventory:

Jewellery
 d - a ring of positive energy (left tentacle)
Scrolls
 c - a scroll of enchant weapon {unknown}
 g - a scroll of magic mapping {unknown}
 i - a scroll of fear {unknown}
 j - a scroll of recharging {unknown}
 k - 2 scrolls of amnesia {unknown}
 l - a scroll of enchant armour {unknown}
Books
 a - a book of Frost

   Spells                             Type                      Level
   a - Freeze                         Ice                          1
   b - Throw Frost                    Conjuration/Ice              2
   c - Ozocubu's Armour               Charms/Ice                   3
   d - Throw Icicle                   Conjuration/Ice              4
   e - Summon Ice Beast               Ice/Summoning                4
Comestibles
 b - 3 bread rations
 f - 2 chunks of flesh
 m - 2 meat rations


   Skills:
 + Level 4.2 Dodging
 - Level 2.6 Stealth
 - Level 2.0 Spellcasting
   Level 1.0 Conjurations
 - Level 3.0 Ice Magic


You had 6 spell levels left.
You knew the following spells:

 Your Spells              Type           Power        Failure   Level  Hunger
a - Freeze                Ice            ##..         6%          1    #......


Dungeon Overview and Level Annotations

Branches:
Dungeon (2/15)

Altars:


Innate Abilities, Weirdness & Mutations

You cannot wear most types of armour.
You are very stealthy in the water. (Stealth+)
You are amphibious.
You can wear up to eight rings at the same time.
You can use your tentacles to constrict eight enemies at once.
Your skin changes colour to match your surroundings (Stealth+).
Your rubbery body absorbs attacks. (AC +1, EV +1)


Message History

You start resting.
You are feeling hungry.
You see here a worm corpse.
You butcher the worm corpse.
f - 3 chunks of flesh Eat one of 3 chunks of flesh? (ye/n/q)
You start eating one of the 3 chunks of flesh.
This raw flesh tastes terrible.
Unknown command.
You start resting.
You feel a little less agile now.
A kobold comes into view.
It is wielding a short sword of electrocution.
The kobold shouts!
The kobold misses you.
You closely miss the kobold. You grab the kobold. You constrict the kobold.
The kobold hits you with a short sword of electrocution.
* * * LOW HITPOINT WARNING * * *
You are electrocuted!
Ouch! That really hurt!
You die...

#### ########...
#.......K# #. ##......@.#
#.
#.........#######.#####
#.....................#
#.........#######..##.###
#.........# ##...#....
#.........######.....####
#.######............##
#.######..########.##
.........# #.# #


You could see a kobold.

Vanquished Creatures
  2 adders (D:2)
  2 worms (D:2)
  2 dart slugs (D:1)
  2 leopard geckos (D:1)
  3 giant cockroaches
  4 goblins (D:1)
  A hobgoblin (D:1)
  2 kobolds
  2 ball pythons (D:1)
  8 bats
  3 frilled lizards
  6 rats (D:1)
37 creatures vanquished.

Notes
Turn   | Place    | Note
-------+----------+-------------------------------------------
     0 | D:1      | Angani the Octopode Ice Elementalist began the quest for the Orb.
     0 | D:1      | Reached XP level 1. HP: 11/11 MP: 3/3
   135 | D:1      | Reached XP level 2. HP: 9/17 MP: 5/5
   448 | D:1      | Reached skill level 3 in Dodging
   765 | D:1      | Reached XP level 3. HP: 15/21 MP: 6/6
  1716 | D:2      | Reached skill level 4 in Dodging
  1922 | D:2      | Reached XP level 4. HP: 6/27 MP: 2/7
  1999 | D:2      | Mangled by a kobold

Skill      XL: |  1  2  3 |
---------------+----------+-----
Dodging        | 3 4 |  4.2
Stealth        | |  2.6
Spellcasting   | |  2.0
Conjurations   | |  1.0
Ice Magic      | |  3.0

Action                   |  1- 3 |  4- 6 || total
-------------------------+-------+-------++-------
Melee: Unarmed           |   126 |     1 ||   127
       Constrict         |    35 |     1 ||    36
       Tentacles         |    18 |       ||    18
 Cast: Freeze            |     4 |       ||     4
  Use: Potion            |       |     4 ||     4
 Stab: Sleeping          |    12 |       ||    12
  Eat: Chunk             |     3 |     1 ||     4
Armor: Skin              |    16 |       ||    16
Dodge: Dodged            |    84 |     1 ||    85
